 Dungeon Crawl Stone Soup version 0.22.0-81-g402daae900 (webtiles) character file.

504 nakki the Skirmisher (level 6, 0/49 HPs)
             Began as a Demonspawn Abyssal Knight on Sept 16, 2018.
             Was a Priest of Lugonu.
             Succumbed to a worker ant's poison
             ... on level 4 of the Dungeon.
             The game lasted 00:43:17 (3357 turns).

nakki the Skirmisher (Demonspawn Abyssal Knight)    Turns: 3357, Time: 00:43:17

Health: 0/49       AC: 19    Str: 14    XL:     6   Next: 96%
Magic:  8/8        EV:  7    Int: 13    God:    Lugonu [***...]
Gold:   103        SH:  0    Dex: 15    Spells: 5/5 levels left

rFire    x . .     SeeInvis .   A - -1 spear (curse)
rCold    + . .     Gourm    .   (no shield)
rNeg     . . .     Faith    .   e - +6 chain mail
rPois    .         Spirit   .   (no helmet)
rElec    .         Reflect  .   f - +2 cloak
rCorr    .         Harm     .   x - +0 pair of gloves
MR       .....                  (no boots)
Stlth    ..........             (no amulet)
HPRegen  0.16/turn              y - ring of ice
MPRegen  0.11/turn              k - +2 ring of dexterity

@: lethally poisoned (0 -> -1)
A: spiny 1
a: Depart the Abyss, Bend Space, Banish, Renounce Religion


You were on level 4 of the Dungeon.
You worshipped Lugonu.
Lugonu was most pleased with you.
You were not hungry.

You visited 1 branch of the dungeon, and saw 4 of its levels.
You visited the Abyss 1 time.

You collected 103 gold pieces.

Inventory:

Hand Weapons
 a - a +1 hand axe
 d - a +0 flail
 g - a +0 halberd
 h - a +0 trident of piercing
 j - a +3 whip of flaming
 l - a +0 falchion
 n - a +0 hand axe
 o - a +1 vampiric dagger
 q - a +0 hand axe
 s - a cursed -1 whip
 u - a +1 dagger of draining
 z - a +0 halberd
 A - a cursed -1 spear (weapon)
 D - a +0 hand axe
Missiles
 i - 88 stones
 r - 3 javelins (quivered)
 t - 4 tomahawks
 C - 15 arrows
Armour
 e - a +6 chain mail (worn)
 f - a +2 cloak (worn)
 x - a +0 pair of gloves (worn)
 B - a +0 scale mail
Magical Staves
 w - an uncursed staff of power {unknown}
Jewellery
 k - a +2 ring of dexterity (right hand)
 y - a ring of ice (left hand)
Wands
 b - a wand of acid (2)
Scrolls
 m - a scroll of identify
 p - a scroll of blinking
Comestibles
 c - 10 rations


   Skills:
 + Level 4.4 Fighting
 - Level 0.1 Short Blades
 + Level 3.4(4.0) Axes
 + Level 1.8(2.8) Maces & Flails
 + Level 2.4(3.3) Polearms
 + Level 0.1 Throwing
 + Level 3.5 Armour
 + Level 1.6 Dodging
 + Level 0.1 Stealth
 + Level 2.7 Invocations


You had 5 spell levels left.
You didn't know any spells.
Your spell library was empty.

Dungeon Overview and Level Annotations

Branches:
Dungeon (4/15)
 Temple: D:4-7

Altars:


Innate Abilities, Weirdness & Mutations

You are partially covered in sharp spines.


Message History

You feel sick.
The worker ant is struck by your spines.
The worker ant bites you but does no damage.
You closely miss the worker ant.
The worker ant is almost dead.
The worker ant bites you but does no damage.
You closely miss the worker ant.
The worker ant is almost dead.
The worker ant is struck by your spines.
You kill the worker ant!
Lugonu accepts your kill.
You don't have enough health at the moment.
You hit the adder but do no damage.
* * * LOW HITPOINT WARNING * * *
You feel sick. The adder bites you but does no damage.
The adder is struck by your spines. The adder bites you but does no damage.
* * * LOW HITPOINT WARNING * * *
You feel sick. The adder is struck by your spines.
The adder bites you but does no damage.
You die...

##...>....# #..### #........#
#.... #........#
####.############ #........#
#..........†....# #........#
#.##.#######.#### ## #........#
#O##.# #.# .# ##'#'##### #S##.#
#.# .# #.#.# #.##.# #.# .# #.#.#
#.@..# #.# .#
#.#.##################.###### .#
#.#..........................
.####.####################.......
........# ######## #####.#.#
......#.# #######.# #.#


You could see an ogre and an adder.

Vanquished Creatures
  A bullfrog (D:3)
  A scorpion (D:4)
  A howler monkey (D:2)
  An orc wizard (D:3)
  An orc priest (D:3)
  A centaur skeleton (D:4)
  Terence (D:3)
  A worker ant (D:4)
  3 adders
  8 gnolls (D:3)
  2 oozes
  2 worms
  2 dart slugs (D:1)
  3 leopard geckos
  4 orcs
  4 giant cockroaches
  11 goblins
  9 hobgoblins
  4 jackals (D:1)
  2 quokkas (D:3)
  3 ball pythons
  7 bats
  5 frilled lizards
  9 kobolds
  9 rats
95 creatures vanquished.

Vanquished Creatures (others)
  A howler monkey (D:4)
1 creature vanquished.

Grand Total: 96 creatures vanquished

Notes
Turn   | Place    | Note
-------+----------+-------------------------------------------
     0 | Abyss:1  | nakki the Demonspawn Abyssal Knight began the quest for the
                  | Orb.
     0 | Abyss:1  | Reached XP level 1. HP: 18/18 MP: 2/2
     2 | Abyss:1  | Found a roughly hewn altar of Beogh.
    16 | D:1      | Escaped the Abyss
   163 | D:1      | Gained mutation: You are partially covered in sharp spines.
                  | [demonic ancestry]
   163 | D:1      | Reached XP level 2. HP: 16/24 MP: 3/3
   638 | D:1      | Reached ** piety under Lugonu
   638 | D:1      | Reached XP level 3. HP: 21/29 MP: 5/5
   987 | D:2      | Reached skill level 1 in Dodging
  1180 | D:2      | Reached XP level 4. HP: 37/37 MP: 6/6
  1795 | D:3      | Reached XP level 5. HP: 42/42 MP: 7/7
  1803 | D:3      | Reached skill level 4 in Fighting
  1946 | D:3      | Reached skill level 1 in Maces & Flails
  1951 | D:3      | Noticed Terence
  1995 | D:3      | Killed Terence
  2005 | D:3      | Reached *** piety under Lugonu
  2433 | D:3      | Reached skill level 1 in Polearms
  2433 | D:3      | Reached XP level 6. HP: 44/48 MP: 8/8
  3343 | D:4      | HP: 2/49 [worker ant (1)]
  3349 | D:4      | HP: 1/49 [poisoned by a worker ant]
  3357 | D:4      | Succumbed to a worker ant's poison

Skill      XL: |  1  2  3  4  5  6 |
---------------+-------------------+-----
Armour         | 2 3 |  3.5
Axes           | 2 3 |  3.4
Dodging        | 1 |  1.6
Fighting       | 4 |  4.4
Maces & Flails | 1 |  1.8
Polearms       | 1 2 |  2.4
Short Blades   | |  0.1
Throwing       | |  0.1
Stealth        | |  0.1
Invocations    | |  2.7

Action                   |  1- 3 |  4- 6 || total
-------------------------+-------+-------++-------
Melee: Hand axe          |   102 |    16 ||   118
       Whip              |       |    23 ||    23
       Short sword       |       |    13 ||    13
       Spear             |       |   190 ||   190
Throw: Javelin           |       |     4 ||     4
Invok: Bend Space        |       |     2 ||     2
  Use: Scroll            |       |    14 ||    14
       Potion            |       |     9 ||     9
  Eat: Chunk             |     1 |     6 ||     7
       Ration            |       |     1 ||     1
Armor: Leather armour    |    12 |       ||    12
       Ring mail         |    22 |     1 ||    23
       Chain mail        |       |   108 ||   108
Dodge: Dodged            |    45 |    62 ||   107
